 Dungeon Crawl Stone Soup version 0.31.0-1-g2c135a0 (webtiles) character file.

Game seed: 13305181981625153527

391 Kel the Chopper (level 6, -5/84 HPs)
             Began as a Hill Orc Berserker on Feb 10, 2024.
             Was a Priest of Trog.
             Slain by Menkaure (18 damage)
             ... on level 5 of the Dungeon.
             The game lasted 00:06:20 (3290 turns).

Kel the Chopper (Hill Orc Berserker)                Turns: 3290, Time: 00:06:20

Health: -5/84      AC: 15    Str: 22    XL:     6   Next: 80%
Magic:  6/6        EV:  6    Int:  7    God:    Trog [***...]
Gold:   177        SH:  3    Dex: 10    Spells: 5/5 levels left

rFire   . . .        l - +0 broad axe
rCold   . . .        z - +0 buckler
rNeg    . . .        t - +0 plate armour
rPois   .            e - +0 helmet
rElec   .            v - +0 cloak
rCorr   .            w - +0 pair of gloves
SInv    .            (no boots)
Will    .....        (no amulet) Stlth
                     (no ring)
HPRegen 0.34/turn    (no ring)
MPRegen 0.10/turn

%: no passive effects
@: berserking (expiring), very quick
A: no striking features
a: Renounce Religion, Berserk, Trog's Hand


You were on level 5 of the Dungeon.
You worshipped Trog.
Trog was most pleased with you.
You visited 1 branch of the dungeon, and saw 5 of its levels.

You collected 177 gold pieces.

Inventory:

Hand Weapons
 l - a +0 broad axe (weapon)
Armour
 e - a +0 helmet (worn)
 t - a +0 plate armour (worn)
 v - a +0 cloak (worn)
 w - a +0 pair of gloves (worn)
 z - a +0 buckler (worn)
Wands
 o - a wand of iceblast (1)
Scrolls
 b - 3 scrolls of teleportation {unknown}
 c - 3 scrolls of revelation {unknown}
 d - 3 scrolls of poison {unknown}
 g - a scroll of blinking {unknown}
 j - 2 scrolls of vulnerability {unknown}
 k - 3 scrolls of immolation {unknown}
 m - 4 scrolls of identify {unknown}
 n - a scroll of enchant weapon {unknown}
 r - a scroll of butterflies {unknown}
 u - a scroll of silence {unknown}
 y - a scroll of enchant armour {unknown}
 A - a scroll of amnesia {unknown}
Potions
 a - 2 potions of brilliance {unknown}
 f - 2 potions of heal wounds {unknown}
 h - a potion of attraction {unknown}
 i - a potion of cancellation {unknown}
 p - 3 potions of curing {unknown}
 q - 2 potions of lignification {unknown}
 s - a potion of magic {unknown}
 x - 3 potions of degeneration {unknown}


   Skills:
 + Level 5.4 Fighting
 * Level 7.4 Axes
 + Level 4.2 Armour
 - Level 1.5 Dodging


You had 5 spell levels left.
You didn't know any spells.
Your spell library was empty.

Dungeon Overview and Level Annotations

Branches:
Dungeon (5/15)
 Temple: D:4-7

Altars:
Gozag
Makhleb
Xom

Shops:
D:1 !   D:4 *

Annotations:
D:5 Menkaure


Message History

There is an open door here.
Found an opulent altar of Gozag.
m - 4 scrolls labelled BAQIVUKHINE (gained 1) Menkaure, Prince of Dust comes into view.
Menkaure shouts!
Menkaure gestures wildly while chanting.
Menkaure seems to speed up.
Menkaure is nearby!
You open the door.
There is an open door here.
A red film seems to cover your vision as you go berserk!
You feel yourself moving faster!
You feel mighty!
Menkaure points at you and mumbles some strange words.
You barely resist.
You feel a strong urge to attack something.
Menkaure hits you!
There is an open door here.
You closely miss Menkaure.
Menkaure calls on the powers of darkness!
Your body is wracked with pain!
You slash Menkaure!
Menkaure is moderately damaged.
Menkaure calls on the powers of darkness!
Your body is wracked with pain!
* * * LOW HITPOINT WARNING * * *
You hit Menkaure.
Menkaure is heavily damaged.
Menkaure closely misses you.
You barely miss Menkaure.
Menkaure is heavily damaged.
Menkaure hits you but does no damage.
You hit Menkaure.
Menkaure is severely damaged.
Menkaure hits you but does no damage.
You hit Menkaure.
Menkaure is almost destroyed.
Menkaure hits you!
* * * LOW HITPOINT WARNING * * *
Menkaure hits you!!
You die...

...... ###### .......
+....# ######. #....#
.....#.. #....#
.....##_#####....#########
......#..................#
......#..................#
......#.........M........#
.....##....#####@##......#
.....##....##....##......#
.....##.....#....##'######
.....#......#....##......#
.....#......#............#
.....#......#............#
.....#.M....#............#
.....+......#............#
##...###+# #....###.....#


You could see Menkaure (fast).

Vanquished Creatures
  A gnoll bouda (D:4)
  An orc priest (D:4)
  3 hounds (D:4)
  2 orc wizards
  5 gnolls (D:4)
  5 adders
  2 ribbon worms
  3 dart slugs
  6 orcs
  11 bats
  5 endoplasms
  5 giant cockroaches
  6 goblins
  10 hobgoblins
  3 jackals (D:2)
  4 quokkas
  6 ball pythons
  5 frilled lizards
  2 kobolds
  3 rats (D:1)
88 creatures vanquished.

Notes
Turn   | Place    | Note
-------+----------+-------------------------------------------
     0 | D:1      | Kel the Hill Orc Berserker began the quest for the Orb.
     0 | D:1      | Reached XP level 1. HP: 19/19 MP: 1/1
    93 | D:1      | Reached XP level 2. HP: 13/27 MP: 2/2
   340 | D:1      | Reached XP level 3. HP: 26/33 MP: 3/3
   763 | D:1      | Reached skill level 5 in Axes
   880 | D:1      | Found Nebeg's Distillery.
   883 | D:1      | Reached ** piety under Trog
  1105 | D:2      | Reached XP level 4. HP: 31/40 MP: 4/4
  1205 | D:2      | Found a faded altar of an unknown god.
  1367 | D:2      | Found a burning altar of Makhleb.
  1523 | D:2      | Identified the +0 ring mail of Ycwairec {-Cast Rampage
                  | Str+3 Stlth+}
  1975 | D:3      | Reached XP level 5. HP: 47/47 MP: 5/5
  2066 | D:3      | Reached skill level 6 in Axes
  2145 | D:3      | Identified the +0 chain mail of the Grand God {rN++ Str-3}
  2380 | D:4      | Reached skill level 5 in Fighting
  2530 | D:4      | Reached XP level 6. HP: 45/56 MP: 6/6
  2532 | D:4      | Reached *** piety under Trog
  2537 | D:4      | Reached skill level 7 in Axes
  2812 | D:4      | Found Jenyfin's Fire Supplies.
  2876 | D:4      | Found a shimmering altar of Xom.
  3097 | D:5      | Entered Level 5 of the Dungeon
  3265 | D:5      | Found an opulent altar of Gozag.
  3271 | D:5      | Noticed Menkaure
  3290 | D:5      | Slain by Menkaure

Illustrated notes

Levels and vault maps discovered:
D:1:      minmay_arrival_semitransparent, layout_basic, serial_shops,
          nicolae_shop_rolling_square
D:2:      layout_basic, basic_altar, shapermc_ecumenical_altar_mp_highgroup,
          dreamdust_wishing_well, serial_bayou_pond_c
D:3:      layout_rooms
D:4:      layout_basic, kennysheep_mini_moat, serial_park_tiny_2,
          nicolae_shop_fire_sale [nicolae_sub_dead_trees]
D:5:      layout_gridville, overflow_temple_1_default,
          gammafunk_temple_overflow_claw, uniq_edmund, uniq_menkaure

Skill      XL: |  1  2  3  4  5  6 |
---------------+-------------------+-----
Fighting       | 4 5 |  5.4
Axes           | 5 6 7 |  7.4
Armour         | 3 4 |  4.2
Dodging        | |  1.5

Action                     |  1- 3 |  4- 6 || total
---------------------------+-------+-------++-------
  Melee: Hand axe          |   111 |       ||   111
         Punch             |     2 |     1 ||     3
         Broad axe         |    22 |   124 ||   146
 Invoke: Berserk           |       |     3 ||     3
   Stab: Sleeping          |       |     3 ||     3
 Armour: Animal skin       |    82 |    14 ||    96
         Ring mail         |       |    56 ||    56
         Chain mail        |       |     9 ||     9
         Plate armour      |       |    13 ||    13
  Dodge: Dodged            |   117 |    72 ||   189
